 Dungeon Crawl Stone Soup version 0.17-a0-1830-g81820eb (webtiles) character file.

360 Stormsson the Magician (level 6, -5/32 HPs)
             Began as a Deep Elf Wizard on Sept 13, 2015.
             Slain by a giant frog (7 damage)
             ... in a sewer.
             The game lasted 00:25:19 (3931 turns).

Stormsson the Magician (Deep Elf Wizard)            Turns: 3931, Time: 00:25:19

Health: -5/32      AC:  3    Str:  4    XL:     6   Next: 38%
Magic:  9/15       EV: 13    Int: 25    God:
Gold:   114        SH:  0    Dex: 13    Spells: 4 memorised, 7 levels left

rFire  . . .     SeeInvis .     h - +0 dagger
rCold  . . .     Clarity  .     a - +0 robe
rNeg   . . .     SustAt   .     (no shield)
rPois  .         Gourm    .     b - +0 hat
rElec  .         Spirit   .     (no cloak)
rCorr  .         Warding  .     l - +0 pair of gloves
rMut   .         Stasis   .     (no boots)
MR     .....                    (no amulet)
Stlth  ++........               (no ring)
                                (no ring)

@: not resistant to hostile enchantments, unstealthy
A: no striking features
a: no special abilities


You were in a sewer.
You were not hungry.

You visited 1 branch of the dungeon, and saw 4 of its levels.
You also visited: Sewer.

You collected 114 gold pieces.

Inventory:

Hand weapons
 h - a +0 dagger (weapon)
Armour
 a - a +0 robe (worn)
 b - a +0 hat (worn)
 l - a +0 pair of gloves (worn)
Scrolls
 e - a scroll of remove curse
 n - 2 scrolls of teleportation
Potions
 f - a potion of might
 g - 2 potions of mutation {unknown}
 j - a potion of curing
 p - a potion of heal wounds {unknown}
Books
 c - a book of Minor Magic

   Spells                             Type                      Level
   a - Magic Dart                     Conjuration                  1
   b - Blink                          Translocation                2
   c - Call Imp                       Summoning                    2
   d - Repel Missiles                 Charms/Air                   2
   e - Slow                           Hexes                        2
   f - Conjure Flame                  Conjuration/Fire             3
   g - Mephitic Cloud                 Conjuration/Poison/Air       3
Comestibles
 d - 4 bread rations
 i - a meat ration
 k - a royal jelly
 m - a slice of pizza
 o - 3 fruits


   Skills:
 - Level 1.5 Short Blades
 - Level 2.7 Dodging
 - Level 3.4 Stealth
 - Level 5.0 Spellcasting
 * Level 4.1 Conjurations
 - Level 2.3 Charms
   Level 1.1 Summonings
 - Level 2.7 Translocations
 + Level 2.5 Fire Magic
 * Level 0.2 Air Magic


You had 7 spell levels left.
You knew the following spells:

 Your Spells              Type           Power        Failure   Level  Hunger
a - Magic Dart            Conj           ####         1%          1    None
b - Blink                 Tloc           N/A          4%          2    None
c - Conjure Flame         Conj/Fire      ###.....     8%          3    ##.....
d - Repel Missiles        Chrm/Air       ##....       10%         2    None


Dungeon Overview and Level Annotations

Branches:
Dungeon (4/15)
 Temple: D:4-7

Altars:
Nemelex Xobeh


Message History

Splash!
You fall into the shallow water.
Moving in this stuff is going to be slow.
The giant frog croaks.
Casting: Blink
Confirm with . or Enter, or press ? or * to list all spells.
You blink.
Splash!
The giant frog hits you. The giant frog barely misses you. x2
The giant frog hits you.
* * * LOW HITPOINT WARNING * * *
The giant frog hits you.
* * * LOW HITPOINT WARNING * * *
The giant frog hits you but does no damage.
The giant frog barely misses you. The giant frog misses you.
The giant frog hits you.
* * * LOW HITPOINT WARNING * * *
The giant frog hits you!
You die...

#†≈≈##.≈≈≈.###≈≈≈≈≈#
#≈≈≈##.≈≈≈.#≈≈≈≈≈≈≈≈
#.≈.##.≈≈≈.#≈≈≈≈≈≈≈≈
##≈###.≈≈≈.≈≈≈≈≈≈≈≈≈
#.# #.≈≈≈.≈≈≈≈≈≈≈≈≈
#.# #.≈≈≈.≈≈≈≈≈≈≈≈≈
#∩# #.≈≈≈†≈≈≈≈≈.≈≈≈
#.# #.≈≈≈≈≈≈≈≈≈!.≈≈
#∩# #@≈≈≈≈≈≈≈≈?)(.≈
#.# #FF≈≈≈≈≈≈≈≈?.≈≈
### #.≈≈≈≈≈≈l.≈≈≈≈≈
#.≈≈≈≈≈≈≈≈≈≈.≈≈
#.≈≈≈≈≈≈≈≈...
#.≈≈≈≈≈≈≈.≈≈≈
#.≈≈≈≈≈≈≈≈≈≈.
#.≈≈≈≈≈≈≈≈≈≈
#.≈≈≈≈≈≈≈≈≈≈≈≈≈≈


You could see 2 giant frogs and a giant gecko.

Vanquished Creatures
  A phantom (D:4)
  A scorpion (D:3)
  An iguana (D:3)
  11 adders
  2 worms
  6 giant geckos
  An orc (D:3)
  8 hobgoblins
  3 jackals (D:1)
  8 kobolds
  A quokka (D:3)
  3 ball pythons
  10 bats
  9 giant cockroaches
  11 giant newts
  7 goblins
  A quokka skeleton (D:4)
  9 rats
93 creatures vanquished.

Notes
Turn   | Place    | Note
--------------------------------------------------------------
     0 | D:1      | Stormsson the Deep Elf Wizard began the quest for the Orb.
     0 | D:1      | Reached XP level 1. HP: 10/10 MP: 7/7
   273 | D:1      | Reached skill level 5 in Spellcasting
   273 | D:1      | Reached XP level 2. HP: 15/15 MP: 2/10
   856 | D:1      | Learned a level 2 spell: Blink
   950 | D:2      | Reached XP level 3. HP: 19/19 MP: 8/11
  1695 | D:2      | Reached XP level 4. HP: 24/24 MP: 5/13
  2022 | D:3      | Learned a level 3 spell: Conjure Flame
  2534 | D:3      | Reached skill level 1 in Short Blades
  2534 | D:3      | Reached XP level 5. HP: 7/28 MP: 2/14
  2801 | D:3      | Reached skill level 1 in Fire Magic
  3009 | D:3      | Learned a level 2 spell: Repel Missiles
  3215 | D:4      | Reached skill level 1 in Charms
  3276 | D:4      | Noticed a phantom
  3312 | D:4      | Killed a phantom
  3312 | D:4      | Reached XP level 6. HP: 19/32 MP: 1/15
  3426 | D:4      | Found a sparkling altar of Nemelex Xobeh.
  3607 | D:4      | Found a glowing drain.
  3621 | Sewer    | Entered a sewer
  3931 | Sewer    | Slain by a giant frog

Vault maps used:
D:1:      dpeg_arrival_arbitrary_a
D:3:      hangedman_glass_teeth, corexii_hall_statues_u, minmay_crystal_water,
          st_stairs_5, minmay_misc_feat_nine_boxes
D:4:      kennysheep_mini_moat, portal_sewer_entry_f, serial_shops,
          shop_fountains, nemelex_spade_bored_becter
Sewer:    sewer_frog_island_01

Action                   |  1- 3 |  4- 6 || total
-------------------------+-------+-------++-------
Melee: Dagger            |    18 |    44 ||    62
 Cast: Magic Dart        |    79 |   123 ||   202
       Blink             |     2 |     5 ||     7
       Conjure Flame     |       |     3 ||     3
  Use: Scroll            |       |     7 ||     7
       Potion            |       |     3 ||     3
 Stab: Sleeping          |     4 |     4 ||     8
       Distracted        |     1 |       ||     1
  Eat: Bread ration      |     1 |       ||     1
       Fruit             |     1 |       ||     1
       Meat ration       |       |     1 ||     1
